Map: World of Sleepers LE

Players

Retjah

  • Race: Zerg Zerg
  • Spawn Location: 7:00

LsEbA - Winner!

  • Race: Zerg Zerg
  • League: Master
  • Spawn Location: 1:00

Event: NationWars 2019

VOD

Have the link to the VOD?

Description

Time

  • Played on: Oct. 11, 2019, 1:36 p.m.
  • Length: 7:49
Show
View Real Time Build Order
Export as new Build Order

Retjah Zerg 

Build Orders: Hatch First 

Get SALT Encoding   

  12  0:00  Drone  
  13  0:12  Overlord  
  13  0:16  Drone  
  14  0:30  Drone x2  
  16  0:47  Hatchery  
  15  0:50  Drone  
  15  0:54  Drone  
  17  0:57  Drone  
  18  1:08  Extractor  
  17  1:12  Spawning Pool  
  17  1:15  Drone  
  17  1:19  Drone  
  18  1:28  Drone  
  19  1:40  Drone  
  20  1:49  Drone  
  21  1:59  Queen x2  
  21  2:00  Zergling x2, Overlord  
  26  2:08  Metabolic Boost  
  26  2:10  Drone x2  
  28  2:20  Drone  
  29  2:23  Drone  
  30  2:31  Drone  
  30  2:35  Drone  
  32  2:38  Hatchery  
  32  2:43  Drone x2  
  33  2:52  Baneling Nest  
  33  2:53  Overlord  
  33  2:55  Drone  
  33  3:03  Zergling x2  
  33  3:05  Zergling x2  
  35  3:07  Drone  
  35  3:12  Drone x5  
  41  3:20  Drone  
  41  3:21  Drone, Evolution Chamber  
  44  3:35  Overlord  
  44  3:37  Baneling x2  
  44  3:38  Zergling x2  
  44  3:39  Zergling x2  
  44  3:51  Zerg Missile Weapons Level 1  
  42  3:57  Drone x7  
  42  4:00  Queen  
  42  4:01  Extractor  
  49  4:02  Extractor  
  49  4:06  Roach Warren  
  49  4:07  Zergling x4  
  49  4:18  Drone x4  
  49  4:20  Drone x4  
  56  4:26  Overlord  
  56  4:30  Overlord  
  55  4:33  Zergling x6  
  55  4:36  Lair  
  57  4:43  Drone  
  58  4:45  Overlord x2  
  58  4:47  Drone x4  
  58  4:49  Drone  
  58  4:50  Drone x2  
  64  4:54  Drone  
  64  4:55  Drone  
  66  5:01  Drone  
  66  5:05  Drone, Extractor x2  
  66  5:07  Drone  
  67  5:08  Drone x2  
  67  5:10  Drone  
  67  5:11  Drone  
  71  5:17  Overlord  
  71  5:18  Roach x4  
  71  5:19  Roach x2  
  83  5:31  Drone  
  83  5:33  Hatchery  
  83  5:34  Glial Reconstitution  
  83  5:37  Roach x3  
  83  5:40  Drone x2  
  83  5:41  Overlord x2  
  91  5:45  Overlord  
  90  5:50  Roach x3  
  90  5:56  Roach  
  97  5:58  Overlord x3  
  97  6:00  Roach  
  97  6:02  Roach  
  97  6:03  Roach  
  103  6:04  Ravager x2  
  103  6:05  Ravager  
  103  6:09  Ravager  
  107  6:13  Roach x3  
  113  6:24  Roach x6  
  125  6:30  Roach x4  
  132  6:34  Overlord  
  132  6:36  Overlord  
  136  6:40  Roach x2  
  136  6:43  Overlord  
  136  6:46  Roach x3  
  141  6:52  Roach x2  
  145  6:58  Roach x4  
  143  7:05  Roach  
  143  7:07  Roach x2  
  127  7:11  Roach  
  97  7:16  Roach x6  
  97  7:20  Roach x3  
  99  7:23  Roach  
Show
View Real Time Build Order
Export as new Build Order

LsEbA Zerg - Winner!

Build Orders: Hatch First 

Get SALT Encoding   

  12  0:00  Drone  
  13  0:12  Overlord  
  13  0:17  Drone  
  14  0:30  Drone x2  
  14  0:34  Drone  
  17  0:51  Hatchery  
  17  0:54  Drone  
  17  0:57  Drone  
  18  1:08  Extractor  
  17  1:12  Spawning Pool  
  17  1:15  Drone  
  17  1:18  Drone  
  18  1:28  Drone  
  19  1:39  Overlord  
  19  1:53  Drone  
  20  1:59  Queen  
  22  2:01  Drone  
  22  2:03  Drone, Queen  
  26  2:11  Metabolic Boost  
  26  2:13  Drone  
  26  2:14  Drone  
  28  2:21  Drone  
  29  2:25  Drone  
  30  2:32  Zergling x2  
  30  2:36  Drone  
  32  2:39  Baneling Nest  
  32  2:43  Zergling x2  
  32  2:46  Overlord  
  32  2:57  Overlord  
  32  2:58  Queen  
  32  3:00  Hatchery  
  32  3:03  Drone  
  34  3:08  Drone  
  34  3:09  Zergling x4  
  34  3:12  Drone  
  38  3:13  Drone  
  38  3:16  Drone  
  40  3:21  Zergling x2  
  40  3:23  Baneling x2  
  40  3:24  Drone x2  
  43  3:27  Drone  
  43  3:32  Drone  
  45  3:37  Overlord  
  45  3:38  Drone  
  45  3:39  Drone x2  
  48  3:43  Zergling x4, Baneling  
  48  3:46  Drone  
  48  3:48  Zergling x2  
  52  3:55  Drone, Extractor  
  49  3:56  Extractor  
  48  4:04  Roach Warren, Drone x2  
  48  4:07  Evolution Chamber  
  48  4:09  Drone  
  49  4:13  Drone  
  49  4:16  Drone  
  51  4:17  Drone x2  
  51  4:19  Drone  
  51  4:20  Drone  
  55  4:24  Drone x2  
  55  4:25  Drone x2  
  55  4:29  Lair  
  58  4:32  Drone  
  58  4:33  Drone  
  58  4:35  Drone  
  59  4:40  Overlord  
  59  4:41  Zerg Missile Weapons Level 1  
  59  4:43  Extractor  
  58  4:47  Drone x4  
  58  4:48  Overlord  
  58  4:50  Overlord  
  61  4:55  Roach x2  
  61  4:57  Overlord  
  61  4:59  Roach  
  67  5:02  Roach  
  67  5:04  Roach  
  67  5:05  Roach  
  73  5:07  Roach  
  73  5:09  Roach  
  73  5:11  Roach  
  73  5:13  Roach  
  81  5:17  Overlord  
  81  5:19  Roach x2  
  81  5:20  Roach  
  87  5:22  Roach  
  87  5:25  Roach  
  87  5:26  Roach  
  93  5:28  Glial Reconstitution  
  93  5:32  Roach x2  
  93  5:35  Roach  
  99  5:37  Overlord  
  99  5:38  Roach  
  99  5:41  Roach  
  99  5:42  Roach  
  105  5:46  Overlord x2  
  105  5:51  Roach  
  105  5:56  Roach  
  105  5:57  Roach x3  
  113  6:04  Roach x2  
  113  6:05  Roach x3  
  113  6:08  Roach  
  113  6:10  Overlord  
  125  6:13  Roach  
  125  6:14  Roach  
  129  6:24  Overlord  
  129  6:26  Overlord  
  129  6:32  Zergling x6  
  129  6:41  Overlord  
  129  6:43  Zergling x14  
  129  6:44  Ravager x2  
  129  6:45  Ravager x2  
  129  6:46  Zergling x2  
  141  6:47  Zergling x2  
  141  6:52  Zergling x2  
  143  6:54  Zergling x2  
  143  6:55  Zergling x2  
  143  6:58  Ravager  
  143  6:59  Zergling x4  
  143  7:00  Zergling x2  
  145  7:02  Roach x3  
  145  7:03  Roach x2  
  137  7:08  Roach x2  
  137  7:11  Roach x2  
  133  7:16  Zergling x2  
  133  7:20  Zergling x2  
  133  7:22  Zergling x2  
  128  7:26  Zergling x2  
Tags
 
Add a new tag
Caveats
  • Supply blocks, unpowered buildings, or Contaminate may cause inaccurate times.
  • Supply counts are checked every 10 seconds.